 Dungeon Crawl Stone Soup version 0.20.0-15-g7f486f2 (webtiles) character file.

2118 Gorglomux the Thaumaturge (level 9, 0/45 HPs)
             Began as a Deep Elf Fire Elementalist on June 10, 2017.
             Was an Initiate of Vehumet.
             Killed by divine providence
             ... invoked by an orc priest
              (13 damage)
             ... on level 7 of the Dungeon.
             The game lasted 00:09:05 (3186 turns).

Gorglomux the Thaumaturge (DEFE)                    Turns: 3186, Time: 00:09:06

Health: 0/45       AC:  5    Str:  5    XL:     9   Next: 8%
Magic:  17/24      EV: 13    Int: 24    God:    Vehumet [......]
Gold:   344        SH:  0    Dex: 15    Spells: 11/27 levels left

rFire    + . .     SeeInvis .   c - 3 bread rations
rCold    x . .     Gourm    .   (no shield)
rNeg     . . .     Faith    .   a - +0 robe
rPois    .         Spirit   .   (no helmet)
rElec    .         Reflect  .   (no cloak)
rCorr    .         Harm     +   (no gloves)
MR       .....                  S - +2 pair of boots
Stlth    ++........             g - amulet of harm
Regen    0.2/turn               l - ring of fire
MPRegen  0.2/turn               (no ring)

@: no status effects
A: no striking features
a: Renounce Religion


You were on level 7 of the Dungeon.
You worshipped Vehumet.
Vehumet was noncommittal.
You were full.

You visited 2 branches of the dungeon, and saw 8 of its levels.

You collected 344 gold pieces.

Inventory:

Armour
 a - a +0 robe (worn)
 S - a +2 pair of boots (worn)
Jewellery
 g - an amulet of harm (around neck)
 l - a ring of fire (left hand)
 J - an uncursed ring of flight {unknown}
 O - an uncursed amulet of the gourmand {unknown}
Wands
 C - a wand of confusion (4/48)
Scrolls
 o - 2 scrolls of blinking {unknown}
 E - 2 scrolls of recharging {unknown}
 K - a scroll of fog {unknown}
 N - a scroll of acquirement {unknown}
 P - a scroll of random uselessness {unknown}
 R - a scroll of identify
 T - 3 scrolls of teleportation
 U - 7 scrolls of remove curse {unknown}
 Y - 3 scrolls of magic mapping {unknown}
Potions
 i - a potion of might
 j - 2 potions of ambrosia
 n - a potion of resistance
 D - 2 potions of magic
 M - a potion of lignification {unknown}
 Q - 2 potions of curing
 V - 3 potions of flight
 W - 2 potions of mutation {unknown}
 X - a potion of heal wounds {unknown}
 Z - a potion of degeneration {unknown}
Books
 b - a book of Flames

   Spells                             Type                      Level
   a - Flame Tongue                   Conjuration/Fire             1
   b - Throw Flame                    Conjuration/Fire             2
   c - Conjure Flame                  Conjuration/Fire             3
   d - Inner Flame                    Hexes/Fire                   3
   e - Sticky Flame                   Conjuration/Fire             4
   f - Fireball                       Conjuration/Fire             5
 F - a book of Maledictions

   Spells                             Type                      Level
   a - Corona                         Hexes                        1
   b - Ensorcelled Hibernation        Hexes/Ice                    2
   c - Confuse                        Hexes                        3
   d - Tukima's Dance                 Hexes                        3
   e - Dazzling Spray                 Conjuration/Hexes            3
 L - a book of Minor Magic

   Spells                             Type                      Level
   a - Magic Dart                     Conjuration                  1
   b - Blink                          Translocation                2
   c - Call Imp                       Summoning                    2
   d - Slow                           Hexes                        2
   e - Conjure Flame                  Conjuration/Fire             3
   f - Mephitic Cloud                 Conjuration/Poison/Air       3
Comestibles
 c - 3 bread rations (in hand)
 k - 3 fruits
 m - 2 royal jellies


   Skills:
 - Level 2.4 Dodging
 - Level 2.4 Stealth
 + Level 9.5 Spellcasting
 + Level 7.6 Conjurations
 + Level 8.2 Fire Magic


You had 11 spell levels left.
You knew the following spells:

 Your Spells              Type           Power        Failure   Level  Hunger
a - Flame Tongue          Conj/Fire      #####        1%          1    None
b - Sticky Flame          Conj/Fire      ######..     1%          4    #......
c - Fireball              Conj/Fire      ######....   6%          5    ####...
d - Blink                 Tloc           N/A          9%          2    None
e - Magic Dart            Conj           ####         1%          1    None
j - Conjure Flame         Conj/Fire      ######..     1%          3    None


Dungeon Overview and Level Annotations

Branches:
Dungeon (7/15)             Temple (1/1) D:6

Altars:
Dithmenos
Elyvilon
Fedhas
Gozag
Hepliaklqana
Makhleb
Okawaru
Qazlal
Sif Muna
Vehumet
The Shining One


Message History

You feel a surge of power!
The flame tongue hits the yak.
The yak is lightly wounded.
The yak is engulfed in blazing flames.
The yak gores you!
* * * LOW HITPOINT WARNING * * *
Unknown command.
The yak is engulfed in blazing flames.
The yak gores you!
* * * LOW HITPOINT WARNING * * *
The yak gores you.
* * * LOW HITPOINT WARNING * * *
An orc priest comes into view. It is wielding a hand axe.
An orc priest comes into view. It is wielding a mace of protection.
Casting: Flame Tongue
Confirm with . or Enter, or press ? or * to list all spells.
Aiming: Fireball
Press: ? - help, Shift-Dir - straight line, p - yak
Okay, then.
The orc priest calls down the wrath of Beogh upon you.
Beogh smites you!
You die...

#.#.....#...#### ##.........##
### #........## #.##
#.######.## #..# ### ###
###..# ##..##### ##.#
#######....# ##.......###..#
#..........## ##............##
..#####.....###.........###..#
####......@Y......# ##.# ##
##...#...####o...# #.## #
##.## ##...##..## ##...#
#..##) #....##..#####.# ##..##
##.#†. #....## #.#
##..###...†. ####...# #.#
#..##..###. ##....#..# #.#
#.....## .....###..# ...
##....# ####.# #... .#.
#..#..#


You could see a yak and an orc priest.

Vanquished Creatures
  Sigmund (D:4)
  A hippogriff (D:6)
  4 yaks (D:7)
  Eustachio (D:4)
  Duvessa (D:4)
  A sky beast (D:5)
  A bullfrog (D:6)
  A gnoll sergeant (D:5)
  Dowan (D:4)
  4 scorpions
  A water moccasin skeleton (D:4)
  A crimson imp (D:7)
  2 hounds (D:6)
  A bullfrog skeleton (D:4)
  A jelly (D:6)
  3 iguanas (D:6)
  Jessica (D:2)
  Ijyb (D:3)
  2 worker ants
  3 adders
  3 gnolls (D:5)
  A shadow imp (D:5)
  An adder zombie (D:5)
  A worm (D:2)
  6 leopard geckos
  3 orcs (D:3)
  A ball python (D:4)
  3 bats
  3 giant cockroaches (D:3)
  4 goblins
  3 hobgoblins
  2 jackals (D:1)
  A quokka (D:7)
  A ball python zombie (D:5)
  6 frilled lizards
  A kobold (D:2)
  A leopard gecko zombie (D:5)
  A quokka skeleton (D:4)
  3 rats
77 creatures vanquished.

Notes
Turn   | Place    | Note
-------+----------+-------------------------------------------
     0 | D:1      | Gorglomux the Deep Elf Fire Elementalist began the quest for the Orb.
     0 | D:1      | Reached XP level 1. HP: 10/10 MP: 6/6
   186 | D:2      | Reached XP level 2. HP: 15/15 MP: 6/8
   430 | D:2      | Noticed Jessica
   470 | D:2      | Killed Jessica
   470 | D:2      | Reached skill level 4 in Spellcasting
   470 | D:2      | Reached XP level 3. HP: 13/19 MP: 7/10
   531 | D:2      | Found a burning altar of Makhleb.
   598 | D:2      | Learned a level 3 spell: Conjure Flame
   601 | D:3      | Noticed Ijyb
   620 | D:3      | Killed Ijyb
   620 | D:3      | Reached XP level 4. HP: 24/24 MP: 6/12
   692 | D:3      | Learned a level 4 spell: Sticky Flame
   860 | D:3      | Reached skill level 3 in Conjurations
   917 | D:4      | Noticed Duvessa
   920 | D:4      | Noticed Dowan
   927 | D:4      | Killed Duvessa
   927 | D:4      | Reached skill level 5 in Spellcasting
   927 | D:4      | Reached XP level 5. HP: 28/28 MP: 4/14
   933 | D:4      | Killed Dowan
   933 | D:4      | Reached XP level 6. HP: 31/32 MP: 0/15
   942 | D:4      | Learned a level 5 spell: Fireball
  1135 | D:4      | Noticed Eustachio
  1143 | D:4      | Killed Eustachio
  1143 | D:4      | Reached skill level 6 in Spellcasting
  1143 | D:4      | Reached XP level 7. HP: 28/36 MP: 5/18
  1292 | D:4      | Noticed Sigmund
  1294 | D:4      | Got a twisted chain mail
  1363 | D:4      | Killed Sigmund
  1363 | D:4      | Reached skill level 6 in Fire Magic
  1499 | D:4      | Reached skill level 7 in Spellcasting
  1576 | D:4      | Identified the +1 chain mail of the Hurricane {rCorr Int-3 Stlth+} (You found it on level 4 of the Dungeon)
  1715 | D:5      | Entered Level 5 of the Dungeon
  2069 | D:5      | Reached XP level 8. HP: 41/41 MP: 3/21
  2377 | D:6      | Found a staircase to the Ecumenical Temple.
  2399 | D:6      | Reached skill level 6 in Conjurations
  2404 | D:6      | Reached skill level 8 in Spellcasting
  2439 | Temple   | Entered the Ecumenical Temple
  2483 | Temple   | Became a worshipper of Vehumet
  2809 | D:6      | Noticed a hippogriff
  2816 | D:6      | Killed a hippogriff
  2961 | D:7      | Learned a level 2 spell: Blink
  3026 | D:7      | Learned a level 1 spell: Magic Dart
  3087 | D:7      | Reached skill level 9 in Spellcasting
  3089 | D:7      | Reached XP level 9. HP: 22/45 MP: 3/24
  3186 | D:7      | Killed from afar by an orc priest

Skill      XL: |  1  2  3  4  5  6  7  8 |
---------------+-------------------------+-----
Spellcasting   | 4 5 6 7 9 |  9.5
Conjurations   | 2 3 4 5 7 |  7.6
Fire Magic     | 4 5 6 8 |  8.2
Dodging        | |  2.4
Stealth        | |  2.4

Action                   |  1- 3 |  4- 6 |  7- 9 || total
-------------------------+-------+-------+-------++-------
 Cast: Flame Tongue      |    32 |    57 |    80 ||   169
       Sticky Flame      |       |     3 |     2 ||     5
       Fireball          |       |       |     6 ||     6
       Magic Dart        |       |       |     4 ||     4
       Conjure Flame     |       |       |     2 ||     2
  Use: Scroll            |       |     7 |     4 ||    11
  Eat: Chunk             |       |     1 |     8 ||     9
       Meat ration       |       |       |     1 ||     1
Armor: Robe              |     3 |     2 |     6 ||    11
Dodge: Dodged            |    13 |    16 |    18 ||    47
